 Dungeon Crawl Stone Soup version 0.32-a0-616-g9348d4545b (webtiles) character file.

Game seed: 7211839650588924830

899 ezpacito the Trooper (level 8, -2/61 HPs)
             Began as a Coglin Chaos Knight on Mar 5, 2024.
             Was a Plaything of Xom.
             Splashed by a jelly's acid (5 damage)
             ... on level 5 of the Dungeon.
             The game lasted 00:05:17 (3493 turns).

ezpacito the Trooper (Coglin Chaos Knight)          Turns: 3493, Time: 00:05:17

Health: -2/61      AC:  0    Str: 15    XL:     8   Next: 7%
Magic:  10/10      EV:  8    Int: 11    God:    Xom [..*...]
Gold:   53         SH:  0    Dex: 14    Spells: 10/10 levels left

rFire   + . .        a - +1 hand axe (chaos) {Belshunu}
rCold   . . .        d - +3 dagger (freeze) {Jingyi}
rNeg    . . .        s - +1 chain mail of Integrity {-Tele Rampage Fly rF+}
rPois   .            e - +0 helmet
rElec   .            (no cloak)
rCorr   .            f - +0 pair of gloves
SInv    .            (no boots)
Will    .....        (amulet unavailable) Stlth
                     (ring unavailable)
HPRegen 0.30/turn    (ring unavailable)
MPRegen 0.12/turn    (no gizmo)

%: no teleportation, rampage
@: corroded, flying, revved
A: off-hand wielding, slow wielding, warmup strikes, no jewellery
a: Invent Gizmo, Renounce Religion


You were on level 5 of the Dungeon.
You worshipped Xom.
You were a toy of Xom.
You visited 1 branch of the dungeon, and saw 5 of its levels.

You collected 131 gold pieces.
You spent 78 gold pieces at shops.

Inventory:

Hand Weapons
 a - a +1 hand axe of chaos (weapon) {Belshunu}
 d - a +3 dagger of freezing (offhand) {Jingyi}
 u - a +0 war axe
Missiles
 h - 6 javelins (quivered)
 k - 8 boomerangs
 n - 5 silver javelins
 p - 2 throwing nets
 r - 6 poisoned darts
Armour
 e - a +0 helmet (worn)
 f - a +0 pair of gloves (worn)
 q - a +0 plate armour
 s - the +1 chain mail of Integrity (worn) {-Tele Rampage Fly rF+}
   (You found it on level 4 of the Dungeon)

   rF+:       It protects you from fire.
   Fly:       It grants you flight.
   -Tele:     It prevents most forms of teleportation.
   Rampage:   It bestows one free step when moving towards enemies.
Wands
 b - a wand of charming (10)
 m - a wand of roots (13)
Scrolls
 c - a scroll of butterflies
 g - a scroll of fear
 l - a scroll of blinking {unknown}
 o - a scroll of noise
 t - a scroll of enchant armour {unknown}
 w - 2 scrolls of revelation
Potions
 i - a potion of heal wounds {unknown}
 j - a potion of attraction
 v - a potion of haste {unknown}


   Skills:
 * Level 4.7 Fighting
 * Level 4.6(5.0) Axes
 + Level 2.2(3.5) Polearms
 * Level 3.7 Armour
 * Level 3.3 Dodging
 + Level 2.2 Stealth
 + Level 1.6 Spellcasting
 + Level 1.7 Evocations


You had 10 spell levels left.
You didn't know any spells.
Your spell library contained the following spells:

 Spells                   Type           Power      Damage    Failure   Level
 Sting                    Conj/Alch      0%         1d3       99%         1
 Mercury Vapours          Alch/Air       0%         N/A       99%         2
 Olgreb's Toxic Radiance  Alch           0%         N/A       100%        4


Dungeon Overview and Level Annotations

Branches:
Dungeon (5/15)
 Temple: D:4-7

Altars:
Cheibriados
Gozag
Makhleb
Sif Muna

Shops:
D:4 ?


Innate Abilities, Weirdness & Mutations

You can wield a second weapon in your off-hand.
It takes a long time for you to wield or remove held weapons.
Your first few attacks do less damage.
You cannot equip rings or amulets.


Message History

You hit the jelly but do no damage. You drain the jelly.
Your graspers burn!
The jelly is heavily wounded.
You hit the jelly with your +3 dagger of freezing.
You freeze the jelly.
Your graspers burn!
The jelly hits you but does no damage.
You take 21 damage, and have 40/61 hp.
MASSIVE DAMAGE!!
You are too injured to fight recklessly!
You are too injured to fight recklessly!
You are too injured to fight recklessly!
You are too injured to fight recklessly!
You are too injured to fight recklessly!
You are too injured to fight recklessly!
A jelly is nearby!
A jelly is nearby!
You are too injured to fight recklessly!
You hit the jelly with your +3 dagger of freezing.
You freeze the jelly. The acid corrodes you!
Your graspers burn!
The jelly is severely wounded.
You barely miss the jelly with your +1 hand axe of chaos.
The jelly closely misses you. x2
You take 4 damage, and have 36/61 hp.
You hit the jelly but do no damage.
Your graspers burn!
The jelly is severely wounded.
You barely miss the jelly with your +1 hand axe of chaos.
The jelly hits you. The acid corrodes you!
You are splashed with acid!
You take 16 damage, and have 20/61 hp.
MASSIVE DAMAGE!!
You hit the jelly but do no damage.
Your graspers burn!
* * * LOW HITPOINT WARNING * * *
The jelly is severely wounded.
You hit the jelly but do no damage.
Your graspers burn!
* * * LOW HITPOINT WARNING * * *
The jelly hits you.
* * * LOW HITPOINT WARNING * * *
You are splashed with acid!
* * * LOW HITPOINT WARNING * * *
The jelly barely misses you.
You take 17 damage, and have 3/61 hp.
MASSIVE DAMAGE!!
You hit the jelly but do no damage.
Your graspers burn!
You die...
Xom chortles!

#.....#.###.#.....#,***,*,,,**,,,
##...###...###...###.,,**,,**,,,,
#.###.#.....#.###.#.,,,,*,,*,,***
...#...#...#...#,..#,,,*,,,**,,,*
...#...#####...#,..#****,,,,*****
...#...#...#...#,..#,,,*,,^**,,,*
#.###.#....,#.###.#,,,,,*,,*,,***
##.,.###...###...##*,,,**,***,,,,
*,...,*,###.#...@J#,***,*,,***,,,
,*..,*,,,#...#...#...#,,,*,* ****
,*###*,,,#...#####,..#,,,*,*
,*,,,*.,,#...#...#...#,,,*,*
*,...,#.###.#.....#,*#*,*,,*
##.,.###...###)..##*,,,**,**
#.###.#.....#.###.#,,,,,*,*
[..#...#...#...#,,.#,,,*,,*
...#...#####...#,,,*****,,*


You could see a neutral jelly (fast, strong, frenzied, very drained).

Vanquished Creatures
  Sigmund (D:3)
  2 black bears
  An ogre (D:5)
  A howler monkey (D:4)
  2 hounds
  An orc priest (D:4)
  2 bombardier beetles
  2 jellies (D:5)
  An iguana (D:4)
  2 orc wizards
  Robin (D:4)
  4 adders
  2 ribbon worms
  9 orcs
  7 ball pythons
  5 endoplasms
  5 giant cockroaches
  11 goblins
  9 hobgoblins
  5 jackals
  3 quokkas
  5 bats
  7 frilled lizards
  7 kobolds
  6 rats
101 creatures vanquished.

Notes
Turn   | Place    | Note
-------+----------+-------------------------------------------
     0 | D:1      | ezpacito the Coglin Chaos Knight began the quest for the
                  | Orb.
     0 | D:1      | Reached XP level 1. HP: 18/18 MP: 1/1
   112 | D:1      | Reached skill level 1 in Dodging
   228 | D:1      | Reached XP level 2. HP: 24/24 MP: 2/2
   272 | D:1      | XOM: cloud trail
   533 | D:1      | Reached XP level 3. HP: 29/29 MP: 3/3
   691 | D:1      | XOM: divination: detect items
  1575 | D:2      | Reached XP level 4. HP: 35/35 MP: 4/4
  1721 | D:3      | Reached skill level 1 in Stealth
  1805 | D:3      | Reached skill level 1 in Polearms
  1805 | D:3      | Reached XP level 5. HP: 16/41 MP: 5/5
  1927 | D:3      | Found a burning altar of Makhleb.
  1929 | D:3      | Found a snail-covered altar of Cheibriados.
  1929 | D:3      | Found an opulent altar of Gozag.
  1998 | D:3      | Found a faded altar of an unknown god.
  2023 | D:3      | Noticed Sigmund
  2036 | D:3      | Killed Sigmund
  2037 | D:3      | Reached skill level 1 in Spellcasting
  2037 | D:3      | Reached XP level 6. HP: 18/48 MP: 5/7
  2163 | D:3      | Noticed a black bear
  2167 | D:3      | XOM: silly message
  2170 | D:3      | Killed a black bear
  2313 | D:3      | XOM: silly message
  2421 | D:3      | XOM: silly message
  2467 | D:3      | XOM: silly message
  2551 | D:4      | Reached XP level 7. HP: 52/54 MP: 8/8
  2643 | D:4      | Identified the +1 chain mail of Integrity {-Tele Rampage
                  | Fly rF+}
  2788 | D:4      | Found Jeffaak's Magic Scroll Emporium.
  2799 | D:4      | Bought a scroll of identify for 26 gold pieces
  2799 | D:4      | Bought a scroll of fear for 52 gold pieces
  3048 | D:4      | Noticed Robin
  3050 | D:4      | XOM: enchant monster (bad)
  3059 | D:4      | Killed Robin
  3071 | D:4      | XOM: summons 1 hostile demon
  3108 | D:5      | Entered Level 5 of the Dungeon
  3112 | D:5      | XOM: repel stairs
  3115 | D:5      | Reached skill level 1 in Evocations
  3278 | D:5      | Found a shimmering blue altar of Sif Muna.
  3323 | D:5      | Reached XP level 8. HP: 42/61 MP: 10/10
  3492 | D:5      | HP: 3/61 [acid (9)]
  3493 | D:5      | Splashed by a jelly's acid

Illustrated notes

Levels and vault maps discovered:
D:1:      dpeg_arrival_orchard, layout_basic, serial_curves, eino_curves_01,
          eino_curves_02, corexii_corridor_pit
D:2:      layout_loops_corners
D:3:      layout_basic, grunt_temple_overflow_open,
          hellmonk_ecumenical_altar_arch_garden, uniq_sigmund
D:4:      layout_basic, serial_shops, nicolae_shop_back_alley_shop,
          skrybe_limestone_x, hex_tiny, uniq_robin
D:5:      nicolae_cairo_tiling, layout_rooms, mainiacjoe_overflow_tiny_flanked,
          minmay_puff

Skill      XL: |  1  2  3  4  5  6  7 |
---------------+----------------------+-----
Dodging        | 1 2 3 |  3.3
Armour         | 2 3 |  3.7
Stealth        | 1 2 |  2.2
Polearms       | 1 2 |  2.2
Fighting       | 4 |  4.7
Spellcasting   | 1 |  1.6
Axes           | 4 |  4.6
Evocations     | 1 |  1.7

Action                     |  1- 3 |  4- 6 |  7- 9 || total
---------------------------+-------+-------+-------++-------
  Melee: Hand axe          |    81 |    47 |    70 ||   198
         Dagger            |    76 |    49 |    63 ||   188
    Use: Potion            |       |     3 |     1 ||     4
         Scroll            |       |     3 |     2 ||     5
   Stab: Petrified         |     6 |       |       ||     6
         Sleeping          |     2 |     1 |     1 ||     4
         Petrifying        |     2 |       |     1 ||     3
 Armour: Leather armour    |    44 |    50 |     4 ||    98
         Chain mail        |       |       |    61 ||    61
  Dodge: Dodged            |    47 |    54 |    27 ||   128

Table legend: (Time is in decaauts)
 A = Elapsed time spent in this place.
 B = Non-inter-level travel time spent in this place.
 C = Inter-level travel time spent in this place.
 D = Time resting spent in this place.
 E = Time spent auto-exploring this place.
 F = Levels seen in this place.
 G = Mean time per level.
                   A        B        C        D        E       F      G
               +--------+--------+--------+--------+--------+-----+--------+
         Total |   3504 |   3403 |    101 |    103 |   2616 |   5 |  700.8 |
       Dungeon |   3504 |   3403 |    101 |    103 |   2616 |   5 |  700.8 |
               +--------+--------+--------+--------+--------+-----+--------+

Top non-repeatable levels by time:
     D:2: 865 daAuts
     D:1: 855 daAuts
     D:3: 776 daAuts
     D:4: 621 daAuts
     D:5: 385 daAuts
